Map: [ESL] Moondance

Players

Clem

  • Race: Terran Terran
  • Spawn Location: 12:00

MaxPax - Winner!

  • Race: Protoss Protoss
  • Spawn Location: 6:00

Event: DreamHack SC2 Masters 2022 Atlanta (Online)

VOD

Have the link to the VOD?

Description

Time

  • Played on: Oct. 7, 2022, 10:50 a.m.
  • Length: 7:46

All games in this series

Show
View Real Time Build Order
Export as new Build Order

Clem Terran 

Build Orders:  

Get SALT Encoding   

  12  0:00  SCV  
  13  0:12  SCV  
  14  0:16  Supply Depot  
  14  0:24  SCV  
  14  0:27  Refinery  
  15  0:38  SCV  
  16  0:46  Barracks  
  16  0:50  SCV  
  17  1:02  SCV  
  18  1:13  Engineering Bay  
  18  1:14  SCV  
  19  1:33  Marine  
  19  1:34  Orbital Command  
  19  1:37  Factory  
  20  1:45  Supply Depot  
  20  1:51  Barracks Reactor  
  20  1:59  SCV  
  21  2:14  Command Center  
  21  2:16  SCV  
  22  2:31  Hellion x2, SCV  
  27  2:38  Barracks  
  27  2:43  Supply Depot  
  27  2:52  Hellion  
  27  2:55  Hellion  
  27  2:58  SCV  
  31  3:02  Barracks Tech Lab  
  31  3:10  SCV  
  34  3:22  SCV, Stimpack, Marine  
  34  3:26  Refinery  
  34  3:34  SCV  
  34  3:35  Marine x2  
  34  3:40  Marine  
  38  3:46  SCV  
  39  3:49  Factory Tech Lab  
  39  3:53  Marine x2  
  38  3:56  Bunker  
  38  3:57  Orbital Command  
  38  3:58  Marine  
  39  4:09  Siege Tank  
  41  4:11  Marine x2  
  41  4:12  SCV  
  41  4:17  Marine  
  38  4:24  SCV  
  32  4:33  SCV  
  32  4:36  SCV, Marine  
  32  4:37  Marine x2  
  34  4:54  Marine x2  
  34  4:56  SCV  
  34  4:59  SCV  
  37  5:01  Marine  
  38  5:10  SCV  
  38  5:11  SCV  
  38  5:12  Marine  
  39  5:20  Combat Shield  
  39  5:21  Marine x2  
  39  5:22  SCV  
  39  5:24  SCV  
  43  5:33  Marine  
  43  5:35  SCV  
  41  5:36  SCV  
  41  5:39  Marine  
  37  5:44  Marine  
  37  5:47  SCV, Siege Tank  
  37  5:48  SCV  
  42  5:51  Marine  
  43  5:58  Marine  
  43  5:59  SCV  
  43  6:01  Barracks  
  43  6:04  SCV  
  44  6:08  Marine  
  45  6:11  SCV, Marine  
  45  6:17  SCV  
  46  6:21  Marine  
  46  6:23  SCV  
  45  6:26  Marine  
  45  6:29  SCV  
  45  6:32  Marine  
  42  6:34  Siege Tank  
  42  6:36  SCV  
  44  6:40  Marine  
  44  6:41  SCV  
  44  6:44  Marine  
  46  6:49  Marine  
  45  6:54  SCV x2, Marine  
  45  6:58  Marine  
  47  7:02  Marine  
  47  7:07  Siege Tank, Marine  
  53  7:11  Supply Depot  
  53  7:14  SCV x2  
  54  7:26  Marine  
  54  7:28  Engineering Bay, Marine  
  54  7:33  SCV x2  
Show
View Real Time Build Order
Export as new Build Order

MaxPax Protoss - Winner!

Build Orders: 1 Gate Expand 

Get SALT Encoding   

  12  0:00  Probe  
  13  0:12  Probe  
  14  0:16  Pylon  
  14  0:24  Probe (Chrono Boost)  
  15  0:36  Gateway, Probe (Chrono Boost)  
  16  0:45  Probe (Chrono Boost)  
  16  0:46  Assimilator  
  17  0:52  Probe  
  18  1:04  Probe  
  19  1:16  Probe  
  20  1:22  Cybernetics Core  
  22  1:33  Probe  
  21  1:41  Nexus  
  21  1:42  Pylon  
  21  1:46  Probe  
  22  1:52  Assimilator  
  22  1:57  Adept (Chrono Boost)  
  22  1:58  Probe  
  22  1:59  Warp Gate (Chrono Boost)  
  25  2:10  Pylon  
  25  2:12  Probe  
  26  2:17  Stalker (Chrono Boost)  
  28  2:26  Probe  
  29  2:33  Gateway  
  29  2:42  Gateway  
  29  2:46  Probe  
  30  2:53  Stalker  
  30  2:57  Probe  
  33  3:04  Shield Battery  
  31  3:06  Shield Battery  
  31  3:07  Probe  
  31  3:11  Probe  
  33  3:19  Probe  
  34  3:23  Probe  
  35  3:35  Pylon  
  35  3:37  Pylon x2  
  35  3:39  Stalker  
  35  3:41  Stalker  
  35  3:47  Probe  
  36  3:48  Probe  
  36  3:50  Stalker  
  38  3:59  Probe  
  38  4:01  Probe  
  40  4:03  Adept  
  40  4:07  Stalker  
  44  4:11  Probe  
  44  4:13  Stalker  
  44  4:16  Probe  
  48  4:23  Probe  
  47  4:28  Probe  
  48  4:34  Stalker  
  48  4:36  Stalker  
  48  4:38  Probe  
  53  4:47  Pylon  
  53  4:49  Twilight Council  
  52  4:55  Stalker  
  53  5:02  Probe  
  53  5:03  Pylon  
  53  5:05  Probe  
  55  5:14  Probe  
  52  5:15  Stalker x2  
  52  5:17  Probe  
  52  5:19  Stalker  
  57  5:22  Pylon  
  57  5:26  Probe  
  58  5:29  Probe  
  58  5:33  Pylon  
  49  5:38  Probe  
  49  5:40  Blink (Chrono Boost)  
  47  5:44  Stalker  
  47  5:45  Stalker x2  
  50  5:50  Probe  
  50  5:52  Assimilator  
  51  5:58  Probe  
  51  5:59  Dark Shrine  
  51  6:02  Probe  
  51  6:03  Assimilator  
  54  6:11  Stalker  
  54  6:13  Stalker  
  54  6:15  Pylon  
  54  6:17  Probe  
  56  6:21  Stalker  
  56  6:22  Probe  
  59  6:29  Probe  
  60  6:35  Probe  
  59  6:41  Probe  
  59  6:44  Nexus  
  59  6:45  Stalker  
  62  6:53  Probe  
  57  6:59  Stalker x2  
  61  7:01  Probe  
  61  7:04  Robotics Facility  
  61  7:06  Pylon  
  62  7:10  Probe  
  62  7:11  Dark Templar  
  62  7:13  Probe  
  66  7:19  Dark Templar  
  66  7:22  Probe  
  69  7:25  Probe  
  70  7:34  Probe  
  70  7:36  Stalker  
Tags
 
Add a new tag
Caveats
  • Supply blocks, unpowered buildings, or Contaminate may cause inaccurate times.
  • Supply counts are checked every 10 seconds.